 Dungeon Crawl Stone Soup version 0.23.2-1-ga50397a (webtiles) character file.

Game seed: 455529727016081604

22820 Fang the Fighter (level 13, -6/129 HPs)
             Began as a Gargoyle Berserker on May 30, 2019.
             Was a High Priest of Trog.
             Mangled by an 18-headed hydra (7 damage)
             ... on level 4 of the Lair of Beasts.
             The game lasted 00:13:57 (14344 turns).

Fang the Fighter (Gargoyle Berserker)              Turns: 14344, Time: 00:13:58

Health: -6/129     AC: 30    Str: 35    XL:     13   Next: 2%
Magic:  13/13      EV: 12    Int:  8    God:    Trog [*****.]
Gold:   794        SH:  4    Dex:  9    Spells: 12/12 levels left

rFire    . . .     SeeInvis .   z - +1 war axe (chop)
rCold    . . .     Gourm    .   (no shield)
rNeg     + . .     Faith    .   b - +0 plate armour
rPois    ∞         Spirit   .   P - +1 hat
rElec    +         Reflect  +   D - scarf {repulsion}
rCorr    .         Harm     .   J - +1 pair of gloves of Impatience {Str+4}
MR       +....                  (no boots)
Stlth    ..........             r - +4 amulet of reflection
HPRegen  0.31/turn              B - +2 ring of protection
MPRegen  0.13/turn              d - ring of protection from magic

@: berserking (expiring), repel missiles, very quick
A: negative energy resistance 1, electricity resistance, unbreathing,
petrification resistance, rot immunity, AC +9
a: Berserk, Trog's Hand, Brothers in Arms, Renounce Religion


You were on level 4 of the Lair of Beasts.
You worshipped Trog.
Trog was extremely pleased with you.
You were hungry.

You visited 3 branches of the dungeon, and saw 16 of its levels.
You also visited: Sewer.

You collected 794 gold pieces.

Inventory:

Hand Weapons
 a - a +0 hand axe
 z - a +1 war axe of chopping (weapon)
Armour
 b - a +0 plate armour (worn)
 w - a +1 cloak
 D - a scarf of repulsion (worn)
 J - the +1 pair of gloves of Impatience (worn) {Str+4}
   (You found it on level 9 of the Dungeon)

   It affects your strength (+4).
 P - a +1 hat (worn)
Jewellery
 d - a ring of protection from magic (right hand)
 f - an uncursed ring of flight
 r - a +4 amulet of reflection (around neck)
 B - a +2 ring of protection (left hand)
Wands
 x - a wand of polymorph (4)
 y - a wand of flame (12)
 A - a wand of acid (14)
 M - a wand of random effects (16)
 O - a wand of scattershot (6)
Scrolls
 e - 3 scrolls of fog {unknown}
 g - 2 scrolls of fear {unknown}
 h - 7 scrolls of teleportation {unknown}
 j - a scroll of random uselessness {unknown}
 k - 3 scrolls of identify {unknown}
 m - 2 scrolls of enchant armour {unknown}
 o - 4 scrolls of remove curse {unknown}
 v - 2 scrolls of noise {unknown}
 C - 2 scrolls of enchant weapon {unknown}
 E - a scroll of blinking {unknown}
 I - a scroll of immolation {unknown}
 K - a scroll of magic mapping {unknown}
 L - a scroll of amnesia {unknown}
Potions
 i - 4 potions of curing {unknown}
 l - a potion of brilliance {unknown}
 n - 5 potions of might
 p - a potion of cancellation {unknown}
 q - 2 potions of degeneration {unknown}
 s - a potion of heal wounds {unknown}
 t - 3 potions of mutation {unknown}
 u - a potion of flight {unknown}
 F - a potion of resistance {unknown}
 G - 2 potions of lignification {unknown}
 H - 2 potions of agility {unknown}
 Q - a potion of magic {unknown}
Comestibles
 c - 28 rations


   Skills:
 + Level 12.0 Fighting
 + Level 10.3 Axes
 + Level 11.8 Armour
 + Level 9.3 Dodging


You had 12 spell levels left.
You didn't know any spells.
Your spell library was empty.

Dungeon Overview and Level Annotations

Branches:
Dungeon (11/15)            Temple (1/1) D:5            Lair (4/6) D:10
 Shoals (0/4) Lair:3       Spider (0/4) Lair:3          Orc (0/2) D:10

Altars:
Elyvilon
Trog
The Shining One

Shops:
D:4 [   D:10 }


Innate Abilities, Weirdness & Mutations

You are resistant to torment.
Your stone body is resilient. (AC +9)
You are immune to poison.
You resist negative energy. (rN+)
You are resistant to electric shocks. (rElec)
You can survive without breathing.
You are immune to petrification.
You are immune to rotting.


Message History

The 17-headed hydra barely misses you.
The 17-headed hydra completely misses you.
The 17-headed hydra barely misses you. The 17-headed hydra misses you.
The 17-headed hydra bites you but does no damage.
You slice one of the 17-headed hydra's heads off!
The 16-headed hydra grows two more!
You slash the 18-headed hydra!
The 18-headed hydra is heavily wounded.
The 18-headed hydra closely misses you.
The 18-headed hydra bites you but does no damage.
The 18-headed hydra bites you.
* * * LOW HITPOINT WARNING * * *
The 18-headed hydra completely misses you.
The 18-headed hydra bites you but does no damage.
The 18-headed hydra bites you!
* * * LOW HITPOINT WARNING * * *
The 18-headed hydra bites you but does no damage. x2
You block the 18-headed hydra's attack.
The 18-headed hydra bites you but does no damage.
The 18-headed hydra closely misses you. The 18-headed hydra bites you!
You die...

..... ##P #...# #
#.. ##...## . ..
#..##.(...## ..
..##..#...8...#...
...##............
#...8..<..8..##
##.............#
#.D@....8.......
#...........#....
#..8[.#.....# .8.
#.....#...8.......
#.....##$....#....
#.....##.....##..
..#+#+..#.....# ..
.. ...##....#


You could see a 18-headed hydra.

Vanquished Creatures
  A hydra (Lair:3)
  2 two-headed ogres (D:10)
  Erica (D:9)
  3 death yaks (D:10)
  An unseen horror (D:10)
  2 ugly things (D:9)
  3 merfolk sirens (Lair:3)
  4 komodo dragons
  6 spiny frogs
  A merfolk (Lair:3)
  3 trolls
  Grinder (D:4)
  Prince Ribbit (D:5)
  3 blink frogs (Lair:2)
  5 hippogriffs
  Sigmund (D:5)
  A fire elemental (Lair:2)
  A shadow (D:9)
  2 wyverns
  8 yaks
  Grum (D:8)
  A hungry ghost (D:7)
  Menkaure (D:5)
  Edmund (D:6)
  7 water moccasins
  5 porcupines
  2 black bears
  3 orc warriors
  An ice beast (D:10)
  4 sky beasts
  An eye of draining (D:8)
  3 wolves
  2 ogres
  3 centaurs
  5 crocodiles
  8 big kobolds (Sewer)
  8 bullfrogs
  A water moccasin zombie (D:8)
  9 scorpions
  A howler monkey (D:6)
  6 jellies
  2 crimson imps
  A lava snake (Lair:2)
  A bullfrog zombie (D:7)
  A quasit (D:9)
  6 hounds
  4 orc priests
  14 orc wizards
  A bullfrog skeleton (D:4)
  5 iguanas
  A hell rat (D:10)
  15 worker ants
  A killer bee zombie (D:5)
  3 hound zombies
  2 hound skeletons
  14 gnolls
  2 river rats (D:10)
  22 adders
  3 shadow imps
  10 oozes
  An adder zombie (D:8)
  An adder skeleton (D:5)
  5 worms
  A dart slug (D:1)
  6 leopard geckos
  31 orcs
  4 giant cockroaches
  6 goblins
  10 hobgoblins
  6 jackals
  11 kobolds
  3 quokkas
  7 ball pythons
  7 bats
  3 frilled lizards
  2 goblin zombies (D:9)
  4 hobgoblin zombies (D:9)
  2 kobold skeletons (D:9)
  2 orc skeletons (D:9)
  3 orc zombies (D:9)
  13 rats
  A fungus (Lair:3)
360 creatures vanquished.

Vanquished Creatures (collateral kills)
  3 hydras
  4 yaks (Lair:2)
7 creatures vanquished.

Vanquished Creatures (others)
  3 fungi (Lair:3)
  3 plants (Lair:3)
6 creatures vanquished.

Grand Total: 373 creatures vanquished

Notes
Turn   | Place    | Note
-------+----------+-------------------------------------------
     0 | D:1      | Fang the Gargoyle Berserker began the quest for the Orb.
     0 | D:1      | Reached XP level 1. HP: 14/14 MP: 1/1
   220 | D:1      | Reached XP level 2. HP: 17/19 MP: 2/2
   650 | D:2      | Reached XP level 3. HP: 23/23 MP: 3/3
   697 | D:2      | Reached XP level 4. HP: 26/29 MP: 4/4
   697 | D:2      | Reached skill level 4 in Fighting
   698 | D:2      | Reached ** piety under Trog
  1188 | D:2      | Reached XP level 5. HP: 23/33 MP: 5/5
  1333 | D:2      | Found a bloodstained altar of Trog.
  1605 | D:3      | Found a glowing drain.
  1642 | Sewer    | Entered a sewer
  1658 | Sewer    | Noticed a big kobold
  1682 | Sewer    | Killed a big kobold
  1682 | Sewer    | Reached XP level 6. HP: 39/39 MP: 6/6
  2008 | Sewer    | Reached skill level 5 in Fighting
  2195 | Sewer    | Reached XP level 7. HP: 38/44 MP: 7/7
  2781 | Sewer    | Reached skill level 5 in Armour
  3117 | D:3      | Reached *** piety under Trog
  3340 | D:3      | Reached XP level 8. HP: 49/51 MP: 8/8
  3776 | D:4      | Reached skill level 6 in Fighting
  3776 | D:4      | Reached skill level 5 in Axes
  3978 | D:4      | Noticed Grinder
  3991 | D:4      | Paralysed by Grinder for 4 turns
  3996 | D:4      | Killed Grinder
  4033 | D:4      | Found Gushopt's Antique Armour Shoppe.
  4267 | D:5      | Entered Level 5 of the Dungeon
  4274 | D:5      | Noticed Menkaure
  4288 | D:5      | Killed Menkaure
  4535 | D:5      | Noticed Prince Ribbit
  4547 | D:5      | Killed Prince Ribbit
  4547 | D:5      | Reached skill level 7 in Fighting
  4547 | D:5      | Reached XP level 9. HP: 57/57 MP: 9/9
  4908 | D:5      | Noticed Sigmund
  4913 | D:5      | Killed Sigmund
  4913 | D:5      | Reached skill level 5 in Dodging
  4915 | D:5      | Found a staircase to the Ecumenical Temple.
  4941 | D:5      | Reached **** piety under Trog
  4960 | Temple   | Entered the Ecumenical Temple
  5407 | D:6      | Noticed Edmund
  5447 | D:6      | Killed Edmund
  6803 | D:7      | Reached skill level 8 in Fighting
  7213 | D:8      | Reached XP level 10. HP: 61/64 MP: 10/10
  7241 | D:8      | Reached ***** piety under Trog
  7367 | D:8      | Noticed Grum
  7892 | D:8      | Killed Grum
  8241 | D:8      | Reached skill level 9 in Fighting
  8860 | D:9      | Noticed Erica
  8872 | D:9      | Killed Erica
  9051 | D:9      | Noticed a cyan ugly thing
  9051 | D:9      | Noticed a cyan ugly thing
  9062 | D:9      | Killed a cyan ugly thing
  9066 | D:9      | Killed a purple ugly thing
  9066 | D:9      | Reached XP level 11. HP: 72/72 MP: 11/11
  9344 | D:9      | Got a pair of steaming gloves
  9355 | D:9      | Identified the +1 pair of gloves of Impatience {Str+4} (You
                  | found it on level 9 of the Dungeon)
  9481 | D:9      | Found a glowing golden altar of the Shining One.
  9722 | D:10     | Entered Level 10 of the Dungeon
  9722 | D:10     | Noticed a death yak
  9724 | D:10     | Found a staircase to the Lair.
  9724 | D:10     | Noticed a death yak
  9725 | D:10     | Noticed a death yak
  9732 | D:10     | Killed a death yak
  9737 | D:10     | Killed a death yak
  9737 | D:10     | Reached skill level 10 in Fighting
  9740 | D:10     | Killed a death yak
  9909 | D:10     | Killed an unseen horror
  9909 | D:10     | Reached skill level 10 in Armour
  9982 | D:10     | Found a staircase to the Orcish Mines.
 10021 | D:10     | Found Utery's Gadget Shoppe.
 10211 | D:10     | Noticed a two-headed ogre
 10220 | D:10     | Killed a two-headed ogre
 10422 | D:10     | Received a gift from Trog
 10549 | D:10     | Noticed a two-headed ogre
 10559 | D:10     | Killed a two-headed ogre
 11149 | Lair:1   | Entered Level 1 of the Lair of Beasts
 11188 | Lair:1   | Reached XP level 12. HP: 79/79 MP: 12/12
 11268 | Lair:1   | Reached skill level 11 in Fighting
 12062 | Lair:2   | Noticed a four-headed hydra
 12068 | Lair:2   | Noticed a seven-headed hydra
 12072 | Lair:2   | Killed a six-headed hydra
 12077 | Lair:2   | Killed a six-headed hydra
 13436 | Lair:3   | Received a gift from Trog
 13438 | Lair:3   | Reached skill level 10 in Axes
 13730 | Lair:3   | Found a white marble altar of Elyvilon.
 13885 | Lair:3   | Noticed an eight-headed hydra
 13893 | Lair:3   | Killed a nine-headed hydra
 13946 | Lair:3   | Found a hole to the Spider Nest.
 14040 | Lair:3   | Found a staircase to the Shoals.
 14285 | Lair:3   | Noticed a five-headed hydra
 14289 | Lair:3   | Killed a seven-headed hydra
 14289 | Lair:3   | Reached skill level 12 in Fighting
 14289 | Lair:3   | Reached XP level 13. HP: 85/86 MP: 13/13
 14344 | Lair:4   | HP: 1/129 [18-headed hydra (8)]
 14344 | Lair:4   | Mangled by an 18-headed hydra

Skill      XL: |  1  2  3  4  5  6  7  8  9 10 11 12 |
---------------+-------------------------------------+-----
Axes           | 3 4 5 6 8 9 10 | 10.3
Dodging        | 2 3 4 5 7 8 9 |  9.3
Fighting       | 4 5 7 8 9 10 12 | 12.0
Armour         | 3 4 5 6 7 9 10 11 | 11.8

Action                   |  1- 3 |  4- 6 |  7- 9 | 10-12 | 13-15 || total
-------------------------+-------+-------+-------+-------+-------++-------
Melee: Hand axe          |    61 |   212 |   642 |       |       ||   915
       War axe           |       |       |    68 |   667 |    24 ||   759
Invok: Berserk           |     1 |     4 |     8 |     9 |     1 ||    23
       Trog's Hand       |       |       |       |     1 |       ||     1
       Brothers in Arms  |       |       |       |     3 |       ||     3
 Stab: Sleeping          |       |     1 |     1 |       |       ||     2
  Eat: Chunk             |       |     8 |    22 |    29 |     1 ||    60
       Ration            |       |       |     2 |     1 |       ||     3
Armor: Animal skin       |    37 |    74 |   241 |       |       ||   352
       Chain mail        |       |       |   123 |   145 |       ||   268
       Plate armour      |       |       |       |   338 |    90 ||   428
Dodge: Dodged            |    38 |   144 |   472 |   403 |    57 ||  1114
       Deflected         |       |       |     1 |       |       ||     1
Block: Other             |       |       |       |    86 |    19 ||   105
       Reflection        |       |       |       |     2 |       ||     2
